 Dungeon Crawl Stone Soup version 0.23.1 (webtiles) character file.

Game seed: 12232788840330526552

2825 Borgoz the Sneak (level 9, 0/62 (73) HPs)
             Began as a Ghoul Enchanter on Mar 4, 2019.
             Was a Follower of Ashenzari.
             Slain by Joseph
             ... wielding a +0 quarterstaff
              (9 damage)
             ... on level 8 of the Dungeon.
             The game lasted 00:22:10 (8578 turns).

Borgoz the Sneak (Ghoul Enchanter)                  Turns: 8578, Time: 00:22:11

HP:   0/62 (73)     AC: 10    Str: 12    XL:     9   Next: 73%
MP:   10/14         EV: 14    Int: 16    God:    Ashenzari [*.....]
Gold: 247           SH:  0    Dex: 14    Spells: 9/16 levels left

rFire    . . .     SeeInvis .   a - +0 rapier
rCold    + . .     Gourm    .   (no shield)
rNeg     + + +     Faith    .   j - +1 leather armour {MR+}
rPois    ∞         Spirit   .   q - +0 helmet
rElec    .         Reflect  .   e - +0 cloak
rCorr    .         Harm     .   l - +0 pair of gloves
MR       +....                  B - +0 pair of boots of Pokaocwa {Stlth+} (curse)
Stlth    ++++......             i - amulet of regeneration
HPRegen  0.00/turn              k - +3 ring of dexterity
MPRegen  0.14/turn              n - +2 ring of protection (curse)

@: brilliant, rotting
A: rotting body, claws 1, carnivore, cold resistance 1, negative energy
resistance 3, inhibited regeneration, torment resistance, unbreathing
a: Curse Item, Scrying, Renounce Religion


You were on level 8 of the Dungeon.
You worshipped Ashenzari.
Ashenzari was aware of your devotion.
You were not hungry.

You visited 2 branches of the dungeon, and saw 9 of its levels.

You collected 437 gold pieces.
You spent 190 gold pieces at shops.

Inventory:

Hand Weapons
 a - a +0 rapier (weapon)
 b - a +0 blowgun
Missiles
 c - 3 tomahawks (quivered)
 p - 12 poisoned needles
Armour
 e - a +0 cloak (worn)
 j - a +1 leather armour of magic resistance (worn)
 l - a +0 pair of gloves (worn)
 q - a +0 helmet (worn)
 z - a +0 scale mail of cold resistance
 B - the cursed +0 pair of boots of Pokaocwa (worn) {Stlth+}
   (You bought it in a shop on level 6 of the Dungeon)

   It makes you more stealthy.
   It has a curse placed upon it.
Jewellery
 g - a +3 ring of evasion
 i - an amulet of regeneration (around neck)
 k - a +3 ring of dexterity (left hand)
 n - a cursed +2 ring of protection (right hand)
 t - an uncursed ring of protection from fire
Scrolls
 f - a scroll of vulnerability {unknown}
 o - a scroll of torment {unknown}
 r - 2 scrolls of enchant weapon
 s - 2 scrolls of blinking
 u - a scroll of amnesia
 v - 2 scrolls of fear
 w - a scroll of enchant armour
 A - 2 scrolls of remove curse
Potions
 h - a potion of brilliance
 m - 3 potions of flight
 x - a potion of curing
Comestibles
 d - 12 rations


   Skills:
 + Level 4.9 Fighting
 * Level 6.7 Short Blades
 + Level 0.4 Armour
 + Level 5.0 Dodging
 + Level 6.9 Stealth
 + Level 4.1 Spellcasting
 + Level 4.4 Hexes


You had 9 spell levels left.
You knew the following spells:

 Your Spells              Type           Power        Failure   Level  Hunger
a - Corona                Hex            ####...      1%          1    None
b - Ensorcelled Hibernat  Hex/Ice        ###...       1%          2    ##.....
c - Confuse               Hex            ####....     1%          3    ###....
d - Confusing Touch       Hex            ####..       1%          1    None

Your spell library contained the following spells:

 Spells                   Type           Power        Failure   Level  Hunger
 Tukima's Dance           Hex            ####....     1%          3    ###....
 Animate Skeleton         Necr           N/A          2%          1    None
 Apportation              Tloc           ##....       2%          1    None
 Summon Small Mammal      Summ           ##..         2%          1    None
 Dazzling Spray           Conj/Hex       ###...       3%          3    ###....


Dungeon Overview and Level Annotations

Branches:
Dungeon (8/15)             Temple (1/1) D:7
   Lair: D:8-11

Altars:
Ashenzari
Cheibriados
Dithmenos
Fedhas
Gozag
Hepliaklqana
Kikubaaqudgha
Makhleb
Nemelex Xobeh
Okawaru
Qazlal
Ru
Sif Muna
Trog
Uskayaw
Vehumet
Wu Jian
Yredelemnul
Zin
The Shining One

Shops:
D:6 [   D:8 (

Annotations:
D:3 2 transporters, EtherCrawl's ghost, amateur OpTm
D:8 Joseph


Innate Abilities, Weirdness & Mutations

Your body is rotting away.
You thrive on raw meat.
You are immune to poison.
You have sharp fingernails.
You are carnivorous and can eat meat at any time.
Your flesh is cold resistant. (rC+)
You are immune to negative energy. (rN+++)
You do not regenerate when monsters are visible.
You are immune to unholy pain and torment.
You can survive without breathing.


Message History

You strike the helpless Joseph from behind!
You impale Joseph!!
Joseph is heavily wounded.
You hit Joseph.
Joseph is heavily wounded.
You barely miss Joseph.
Joseph is heavily wounded.
Casting: Ensorcelled Hibernation (safe; 1% risk of failure)
Confirm with . or Enter, or press ? or * to list all spells.
Your hands begin to glow red.
Joseph seems less confused.
Joseph barely misses you.
You hit Joseph but do no damage.
Joseph appears confused.
Joseph is heavily wounded.
You hit Joseph but do no damage.
Joseph is heavily wounded.
Joseph misses you.
You hit Joseph.
Joseph is heavily wounded.
Joseph hits you with a +0 quarterstaff!
You die...

#######.###...#####
#.###.#.#####
...##.....##..# #.#
#.#.#####
##.#.8...8.##.# #.#
#.#......
##.#.......##.#
#.###.######.
##....._......#
#........# #.
####.......#..#
#####.##.# #. #
#.8...8.##.# #.##.###.
#####.....###.########
#.##..... ....###.###
#.#.@@.$.# #.##.....
####>.....###>....##.#
#.##.....
#....)).........#
####.##.....
#.......#######..#
#.......#.##
#........# #.#
#......##.#
#.####....# .#
#..<...##.# #. .....#
.. #.........# #
##....# #..#......####
...... .#......#


You could see Joseph (confused).

Vanquished Creatures
  A hippogriff (D:7)
  A hungry ghost (D:8)
  Edmund (D:6)
  3 ice beasts
  2 sky beasts
  A necrophage (D:6)
  A black bear (D:6)
  An ogre (D:4)
  A phantom (D:7)
  A centaur (D:6)
  6 bullfrogs
  2 scorpions
  4 crimson imps
  A bullfrog zombie (D:8)
  3 hounds
  A centaur skeleton (D:6)
  4 orc priests
  2 orc wizards
  9 worker ants
  2 hound skeletons
  A howler monkey skeleton (D:6)
  10 gnolls
  10 adders
  2 shadow imps
  An ooze (D:2)
  2 adder skeletons
  7 worms
  A dart slug (D:1)
  5 leopard geckos
  26 orcs
  5 giant cockroaches
  3 hobgoblins
  7 jackals
  5 kobolds
  A quokka (D:6)
  A ball python (D:2)
  3 bats
  A frilled lizard (D:5)
  5 goblins
  A quokka zombie (D:6)
  5 rats
149 creatures vanquished.

Notes
Turn   | Place    | Note
-------+----------+-------------------------------------------
     0 | D:1      | Borgoz the Ghoul Enchanter began the quest for the Orb.
     0 | D:1      | Reached XP level 1. HP: 14/14 MP: 2/2
    89 | D:1      | Reached skill level 1 in Short Blades
   448 | D:1      | Reached XP level 2. HP: 19/19 MP: 1/3
   467 | D:1      | Learned a level 2 spell: Ensorcelled Hibernation
   762 | D:2      | Found a radiant altar of Vehumet.
   824 | D:3      | Reached XP level 3. HP: 26/26 MP: 4/4
  1296 | D:2      | Found a deep blue altar of Sif Muna.
  1326 | D:2      | Reached XP level 4. HP: 33/33 MP: 5/5
  1697 | D:3      | Noticed a bullfrog
  1711 | D:3      | Killed a bullfrog
  1711 | D:3      | Reached skill level 1 in Fighting
  1711 | D:3      | Reached XP level 5. HP: 31/40 MP: 4/6
  1879 | D:3      | Found a shattered altar of Ashenzari.
  1938 | D:3      | Became a worshipper of Ashenzari the Shackled
  1992 | D:3      | Found a transporter.
  1992 | D:3      | Noticed EtherCrawl's ghost (amateur OpTm)
  1997 | D:3      | Found a transporter.
  2685 | D:3      | Found a bloodstained altar of Trog.
  2721 | D:3      | Learned a level 3 spell: Confuse
  2959 | D:4      | Noticed an ogre
  3032 | D:4      | Killed an ogre
  3032 | D:4      | Reached XP level 6. HP: 48/48 MP: 0/8
  3410 | D:5      | Entered Level 5 of the Dungeon
  3673 | D:5      | Found an iron altar of Okawaru.
  3673 | D:5      | Found a sparkling altar of Nemelex Xobeh.
  3703 | D:6      | Reached XP level 7. HP: 55/55 MP: 6/9
  3733 | D:6      | Reached skill level 5 in Stealth
  4003 | D:5      | Reached * piety under Ashenzari
  4720 | D:5      | Reached XP level 8. HP: 63/63 MP: 8/11
  6139 | D:6      | Reached skill level 5 in Short Blades
  6154 | D:6      | Noticed Edmund
  6192 | D:6      | Killed Edmund
  6280 | D:6      | Found Piuvukace's Antique Armour Boutique.
  6283 | D:6      | Bought a pair of translucent boots for 190 gold pieces
  6293 | D:6      | Identified the cursed +0 pair of boots of Pokaocwa {Stlth+}
                  | (You bought it in a shop on level 6 of the Dungeon)
  6527 | D:6      | Reached XP level 9. HP: 71/71 MP: 13/13
  7130 | D:6      | Found a burning altar of Makhleb.
  7132 | D:6      | Found a glowing silver altar of Zin.
  7132 | D:6      | Noticed a blizzard demon
  7132 | D:6      | Noticed an angel
  7341 | D:7      | Learned a level 1 spell: Confusing Touch
  7643 | D:7      | Found a staircase to the Ecumenical Temple.
  7702 | Temple   | Entered the Ecumenical Temple
  7886 | D:7      | Found a hide-covered altar of Uskayaw.
  8416 | D:8      | Found Byon's Weapon Shop.
  8486 | D:8      | Found an opulent altar of Gozag.
  8494 | D:8      | Reached skill level 5 in Dodging
  8537 | D:8      | Noticed Joseph
  8578 | D:8      | Slain by Joseph

Skill      XL: |  1  2  3  4  5  6  7  8  9 |
---------------+----------------------------+-----
Short Blades   | 1 2 3 4 5 6 |  6.7
Dodging        | 2 3 4 5 |  5.0
Stealth        | 4 5 6 |  6.9
Fighting       | 1 2 3 4 |  4.9
Spellcasting   | 2 3 4 |  4.1
Hexes          | 3 4 |  4.4
Armour         | |  0.4

Action                   |  1- 3 |  4- 6 |  7- 9 || total
-------------------------+-------+-------+-------++-------
Melee: Dagger            |    26 |       |       ||    26
       Short sword       |    81 |   208 |   108 ||   397
       Rapier            |       |       |   329 ||   329
Throw: Tomahawk          |       |       |     1 ||     1
 Cast: Corona            |     1 |       |     3 ||     4
       Ensorcelled Hiber |     6 |    26 |    56 ||    88
       Confuse           |       |       |     9 ||     9
       Confusing Touch   |       |       |     2 ||     2
  Use: Potion            |       |     3 |     1 ||     4
       Scroll            |       |     5 |     5 ||    10
 Stab: Sleeping          |     4 |    23 |    37 ||    64
       Confused          |       |       |     8 ||     8
       Distracted        |       |       |     1 ||     1
  Eat: Chunk             |     4 |    11 |    16 ||    31
       Ration            |       |       |     2 ||     2
Armor: Leather armour    |    22 |    41 |   160 ||   223
       Robe              |     1 |       |       ||     1
Dodge: Dodged            |    94 |   118 |   255 ||   467
